AoeStats
← Zatára

Nomad

503657952Analyzed
1v1 RM · 1mo ago on Sep 1, 2026· 43m 57s· 2 players
Game mode
Random Map
Map size
126×126
Population
200
Speed
Normal
Resources
Standard
Victory
Conquest
Starting age
Dark Age
Ending age
Imperial Age
RankedLock teamsTeams togetherTeam positionsShared explorationLock speedFull tech treeHidden civsTurbo modeCheats
Victory
Defeat
🇪🇸 Celts · Spain
1646
+13
🇺🇸 Franks · United States
1573
-13
JimothyB
12:32 Feudal Age
12:28 Loom
16:13 Castle Age
14:40 Double-Bit Axe
16:03 Fishing Lines
17:36 Medium Warships
17:29 Scale Mail Armor
18:58 Town Watch
23:49 Light Cavalry
25:38 Fletching
28:34 Husbandry
29:46 Wheelbarrow
29:42 Gold Mining
30:25 Bodkin Arrow
34:19 Imperial Age
33:01 Hand Cart
33:14 Chain Mail Armor
33:03 Squires
34:06 #83
34:45 Forging
35:36 Plate Mail Armor
35:38 Bow Saw
35:56 Bodkin Arrow
38:15 Iron Casting
37:39 Murder Holes
39:53 Chemistry
40:29 Devotion
40:07 Cavalier
42:23 Blast Furnace
42:01 Ballistics
41:52 Masonry
42:07 Conscription
Zatára
10:09 Loom
13:36 Feudal Age
14:41 Double-Bit Axe
14:44 Town Watch
17:36 Castle Age
15:51 Gold Mining
17:24 Fletching
17:18 Horse Collar
18:31 Bow Saw
18:32 Medium Warships
18:31 Bodkin Arrow
22:29 Sanctity
22:19 Heavy Plow
23:51 Forging
26:20 Pikeman
33:56 Imperial Age
31:47 Stone Mining
32:32 Gold Shaft Mining
32:36 Wheelbarrow
32:17 Scale Mail Armor
33:51 Murder Holes
34:06 Capped Ram
34:35 Halberdier
38:28 Conscription
38:51 Padded Archer Armor
39:27 Hand Cart
39:55 Ballistics
40:36 Chemistry
41:42 Chain Mail Armor
43:17 Plate Mail Armor
42:56 Stronghold
43:35 Masonry
44:02 Hoardings
45:09 Iron Casting
44:50 Leather Archer Armor
Connection lost

Rejoining the realm…

Still unreachable

The connection could not be restored.

Session expired

The server has moved on; the page needs a fresh start.